 Dungeon Crawl Stone Soup version 0.19.5 (webtiles) character file.

131 Keye the Cudgeler (level 4, 0/37 HPs)
             Began as a Minotaur Gladiator on May 8, 2017.
             Slain by a bat (1 damage)
             ... on level 3 of the Dungeon.
             The game lasted 00:03:01 (2071 turns).

Keye the Cudgeler (Minotaur Gladiator)              Turns: 2071, Time: 00:03:02

Health: 0/37       AC: 10    Str: 19    XL:     4   Next: 91%
Magic:  3/3        EV: 12    Int: 10    God:
Gold:   93         SH:  0    Dex: 12    Spells: 0 memorised, 3 levels left

rFire  + . .     SeeInvis .     k - +0 whip
rCold  + . .     Gourm    .     r - +4 ring mail
rNeg   . . .     Faith    .     (no shield)
rPois  +         Spirit   .     c - +0 hat
rElec  +         Reflect  .     (no cloak)
rCorr  +         Harm     .     s - +0 pair of gloves
MR     .....                    (no boots)
Stlth  ..........               (no amulet)
                                (no ring)
                                (no ring)

@: confused, brilliant, lethally poisoned (0 -> -4), resistant
A: retaliatory headbutt, horns 2
a: no special abilities


You were on level 3 of the Dungeon.
You were not hungry.

You visited 1 branch of the dungeon, and saw 3 of its levels.

You collected 93 gold pieces.

Inventory:

Hand Weapons
 a - a +0 flail
 k - a +0 whip (weapon)
Missiles
 d - 4 throwing nets (quivered)
Armour
 b - a +0 leather armour
 c - a +0 hat (worn)
 r - a +4 ring mail (worn)
 s - a +0 pair of gloves (worn)
Jewellery
 p - an uncursed ring of ice {unknown}
Scrolls
 e - a scroll of magic mapping {unknown}
 g - 7 scrolls of identify {unknown}
 m - a scroll of teleportation {unknown}
 n - a scroll of fog {unknown}
 o - a scroll of noise {unknown}
Potions
 h - a potion of beneficial mutation {unknown}
 q - 2 potions of resistance
Comestibles
 f - 4 bread rations
 i - a beef jerky
 j - 2 chunks of flesh


   Skills:
 - Level 2.4 Fighting
 + Level 6.8 Maces & Flails
 - Level 2.0 Throwing
 - Level 3.2 Dodging


You had 3 spell levels left.
You didn't know any spells.

Dungeon Overview and Level Annotations

Branches:
Dungeon (3/15)

Altars:

Annotations:
D:3 Turtleman12345's ghost, amateur NaVM


Innate Abilities, Weirdness & Mutations

You reflexively headbutt those who attack you in melee.
You have a pair of horns on your head.


Message History

You are more confused.
* * * LOW HITPOINT WARNING * * *
The bat closely misses you.
Turtleman12345's ghost gestures at you while chanting.
The sting hits you!
You are more poisoned.
You feel sick. The bat barely misses you. The bat hits you.
* * * LOW HITPOINT WARNING * * *
You're too confused!
It was a potion of resistance.
You feel protected.
* * * LOW HITPOINT WARNING * * *
You feel sick. The bat hits you but does no damage. The jackal misses you.
The gnoll hits you with a flail.
* * * LOW HITPOINT WARNING * * *
It was a potion of brilliance.
You feel clever all of a sudden. The bat hits you.
You die...

#..................
#...............#
..... #.# #..#####.#
#.......# ....
#.......# ...#
#gg....###.....
####gh.>...#.....
...#@bW..........
###...............
...##...g.........
#.##.....(..........
..###...)..###..###
#...#.....####.....
#.......###... ###
##........#..#
............#


You could see Turtleman12345's ghost, 3 gnolls, a jackal, a hobgoblin and a bat.

Vanquished Creatures
  4 gnolls (D:2)
  2 adders
  2 worms (D:2)
  2 dart slugs
  A leopard gecko (D:1)
  11 bats
  A giant cockroach (D:1)
  9 goblins
  5 hobgoblins
  5 jackals
  7 kobolds
  2 quokkas
  2 ball pythons (D:1)
  6 frilled lizards
  5 rats
64 creatures vanquished.

Notes
Turn   | Place    | Note
-------+----------+-------------------------------------------
     0 | D:1      | Keye the Minotaur Gladiator began the quest for the Orb.
     0 | D:1      | Reached XP level 1. HP: 18/18 MP: 0/0
   104 | D:1      | Reached skill level 4 in Maces & Flails
   138 | D:1      | Reached XP level 2. HP: 2/25 MP: 1/1
   550 | D:1      | HP: 1/25 [hobgoblin/club (3)]
   868 | D:1      | Reached skill level 5 in Maces & Flails
   925 | D:1      | Reached XP level 3. HP: 30/30 MP: 2/2
  1462 | D:2      | Reached XP level 4. HP: 37/37 MP: 3/3
  1564 | D:2      | Reached skill level 6 in Maces & Flails
  2037 | D:3      | Noticed Turtleman12345's ghost (amateur NaVM)
  2070 | D:3      | HP: 1/37 [gnoll/flail (4)]
  2071 | D:3      | Slain by a bat

Skill      XL: |  1  2  3  4 |
---------------+-------------+-----
Maces & Flails | 4 5 6 |  6.8
Fighting       | |  2.4
Throwing       | |  2.0
Dodging        | |  3.2

Action                   |  1- 3 |  4- 6 || total
-------------------------+-------+-------++-------
Melee: Flail             |    74 |       ||    74
       Headbutt          |    13 |    11 ||    24
       Whip              |    31 |    61 ||    92
  Use: Potion            |       |     2 ||     2
  Eat: Chunk             |     2 |     2 ||     4
Armor: Leather armour    |    37 |     2 ||    39
       Ring mail         |       |    12 ||    12
Dodge: Dodged            |    72 |    32 ||   104
